 Dungeon Sprint DCSS version 0.22.1-2-g9c5b331 (webtiles) character file.

407251 diana the Invulnerable (level 21, -8/163 HPs)
             Began as a Gargoyle Fighter on Dec 9, 2018.
             Was an Elder of Cheibriados.
             Killed from afar by an acid blob (16 damage)
             ... with a splash of acid
             ... in the Dungeon (Sprint IX: "|||||||||||||||||||||||||||||").
             The game lasted 00:43:00 (10842 turns).

diana the Invulnerable (Gargoyle Fighter)          Turns: 10842, Time: 00:43:00

Health: -8/163     AC: 69    Str: 36      XL:     21   Next: 66%
Magic:  13/46      EV: 26    Int: 26      God:    Cheibriados [****..]
Gold:   1959       SH: 29    Dex: 18 (19) Spells: 71/74 levels left

rFire    . . .     SeeInvis .   F - +1 demon whip (drain)
rCold    . . .     Gourm    .   G - +1 large shield
rNeg     + . .     Faith    .   Q - +8 orange crystal plate armour {Archmagi, Int+3 Clar}
rPois    ∞         Spirit   .   J - +1 helmet
rElec    +         Reflect  .   A - +0 cloak
rCorr    .         Harm     .   B - +0 pair of gloves
MR       +....     Clarity  +   r - +0 pair of boots Stlth ..........NoTele +
                                V - amulet "Jesoseff" {+Rage +Fly rElec Dex+4}
HPRegen  0.37/turn              L - +4 ring of protection
MPRegen  0.30/turn              K - +4 ring of protection

@: corroded, flying, very slow
A: big wings, clumsy 2, deterioration 2, low mp 1, negative energy resistance 1,
electricity resistance, unbreathing, petrification resistance, rot immunity, AC
+16
}: 6/17 runes: decaying, serpentine, barnacled, elven, silver, gossamer
a: Stop Flying, Bend Time, Temporal Distortion, Slouch, Renounce Religion, Evoke
Berserk Rage


You were in the Dungeon.
You worshipped Cheibriados.
Cheibriados was greatly pleased with you.
You were very hungry.

You visited 1 branch You collected 1959 gold pieces.

Inventory:

Hand Weapons
 b - a +0 morningstar
 t - a +0 triple crossbow of freezing
 F - a +1 demon whip of draining (weapon)
Missiles
 a - 4 throwing nets (quivered)
Armour
 r - a +0 pair of boots (worn)
 A - a +0 cloak (worn)
 B - a +0 pair of gloves (worn)
 E - the +3 plate armour "Siyrrosu" {rF+ Str+6}
   (You found it in the Dungeon)

   It affects your strength (+6).
   It protects you from fire.
 G - a +1 large shield (worn)
 J - a +1 helmet (worn)
 M - a +5 chain mail
 N - a +0 hat of magic resistance
 O - +2 fire dragon scales {Xtahua}
 Q - the +8 orange crystal plate armour (worn) {Archmagi, Int+3 Clar}
   (You found it in the Dungeon)

   It affects your intelligence (+3).
   It protects you against confusion.
Jewellery
 g - a +6 ring of intelligence
 k - a +4 ring of evasion
 p - a +6 ring of intelligence
 u - a +2 ring of evasion
 z - an uncursed ring of stealth
 C - an uncursed ring of protection from fire
 D - an uncursed ring of ice
 K - a +4 ring of protection (right hand)
 L - a +4 ring of protection (left hand)
 U - the ring of the Seven Wars {MR+ EV+3 Int+7 Dex-2}
   (You found it in the Dungeon)

   [ring of evasion]

   It affects your evasion (+3).
   It affects your intelligence (+7).
   It affects your dexterity (-2).
   It affects your resistance to hostile enchantments.
 V - the amulet "Jesoseff" (around neck) {+Rage +Fly rElec Dex+4}
   (You found it in the Dungeon)

   [amulet of rage]

   It affects your dexterity (+4).
   It insulates you from electricity.
   It lets you fly.
   It lets you go berserk.
Wands
 o - a wand of iceblast (10)
 s - a wand of acid (7)
Scrolls
 m - 4 scrolls of remove curse
 n - 3 scrolls of amnesia
 q - 2 scrolls of fog
 w - 4 scrolls of enchant armour
 x - 3 scrolls of fear
 y - 5 scrolls of identify
Potions
 d - 4 potions of might
 e - 3 potions of curing
 h - 8 potions of haste
 i - 2 potions of magic
 j - 3 potions of berserk rage
 l - a potion of invisibility
 v - 6 potions of brilliance
 W - a potion of mutation
Miscellaneous
 I - a phantom mirror
Comestibles
 f - 9 rations


   Skills:
 O Level 27 Fighting
 O Level 27 Maces & Flails
 O Level 27 Armour
 O Level 27 Dodging
 - Level 25.0 Shields
 O Level 27 Spellcasting
 - Level 19.5 Conjurations
 + Level 20.3 Poison Magic
 - Level 9.7 Invocations
 - Level 16.9 Evocations


You had 71 spell levels left.
You knew the following spells:

 Your Spells              Type           Power        Failure   Level  Hunger
a - Mephitic Cloud        Conj/Pois/Air  ########     1%          3    None

Your spell library contained the following spells:

 Spells                   Type           Power        Failure   Level  Hunger
 Sting                    Conj/Pois      ####         0%          1    None
 Olgreb's Toxic Radiance  Pois           ########     0%          4    None
 Poisonous Vapours        Pois/Air       ######       1%          2    None
 Venom Bolt               Conj/Pois      ########..   1%          5    None


Dungeon Overview and Level Annotations

Branches:
Dungeon (1/1)

Altars:
Cheibriados
Dithmenos
Elyvilon
Fedhas
Gozag
Hepliaklqana
Kikubaaqudgha
Makhleb
Nemelex Xobeh
Okawaru
Qazlal
Ru
Sif Muna
Trog
Uskayaw
Vehumet
Wu Jian
Xom
Yredelemnul
Zin
The Shining One
Beogh
Jiyva
Lugonu

Shops:
D ((=*


Innate Abilities, Weirdness & Mutations

You are resistant to torment.
Your stone body is resilient. (AC +16)
You are immune to poison.
Your large and strong wings let you fly indefinitely.
You resist negative energy. (rN+)
You are resistant to electric shocks. (rElec)
You can survive without breathing.
You are immune to petrification.
You are immune to rotting.
You are very clumsy. (Dex -4)
Your body often deteriorates upon taking damage.
Your magical capacity is low. (-10% MP)


Message History

You hit the acid blob.
Your hands burn!
* * * LOW HITPOINT WARNING * * *
The acid blob is almost dead.
The acid blob spits acid at you. The splash of acid hits you!
You are splashed with acid!
The acid burns!
* * * LOW HITPOINT WARNING * * *
Unknown command.
You thrash the acid blob!!
You kill the acid blob!
That felt strangely unrewarding.
Okay, then.
You step out of the flow of time.
You return to the normal time flow.
You feel somewhat more hungry.
You can no longer step out of the time flow.
Cheibriados lowers the support of your attributes as your movement quickens.
An acid blob comes into view.
The azure jelly quivers.
The acid blob quivers.
The acid blob spits acid at you. The splash of acid hits you!
You die...

♣♣♣♣♣♣▓▓▓▓▓▓▓▓▓▓▓▓▓▓▓▓▓▓▓▓▓▓▓▓▓▓
)...).(()).))).J@..J.'....JJJ.JJ
♣♣♣♣♣♣▓▓▓▓▓▓▓▓▓▓▓▓▓▓▓▓▓▓▓▓▓▓▓▓▓▓▓
.................................
▓▓▓▓▓▓▓▓▓▓▓▓▓▓▓▓▓▓▓▓▓▓▓▓▓▓▓▓▓▓▓▓▓
[.......'.'.'.'[..)..........'...
▓▓▓▓▓▓▓▓▓▓▓▓▓▓▓▓▓▓▓▓▓▓▓▓▓▓▓▓▓▓▓▓▓
.................................
▓▓▓▓▓▓▓▓▓▓▓▓▓▓▓▓▓▓▓▓▓▓▓▓▓▓▓▓▓▓▓▓▓
.....).†)))).'))[)).).[)))......)


You could see an acid blob and an azure jelly.

Vanquished Creatures
  the Royal Jelly (D)
  3 orbs of fire (D)
  4 ancient liches (D)
  Mara (D)
  Sojobo (D)
  Margery (D)
  Frederick (D)
  Xtahua (D)
  3 golden dragons (D)
  Jory (D)
  4 electric golems (D)
  A lich (D)
  5 tentacled monstrosities (D)
  28 Orb Guardians (D)
  Rupert (D)
  A quicksilver dragon (D)
  2 deep elf master archers (D)
  4 deep elf blademasters (D)
  9 acid blobs (D)
  Frances (D)
  2 death cobs (D)
  Kirke (D)
  A thorn hunter (D)
  A draconian monk (D)
  7 shadow dragons (D)
  3 storm dragons (D)
  4 tengu reavers (D)
  7 nagarajas (D)
  5 azure jellies (D)
  2 frost giants (D)
  4 fire giants (D)
  Ilsuiw (D)
  5 ghost moths (D)
  A draconian knight (D)
  2 emperor scorpions (D)
  4 vault wardens (D)
  A draconian scorcher (D)
  2 draconian stormcallers (D)
  A draconian shifter (D)
  2 draconian annihilators (D)
  2 ironheart preservers (D)
  A very ugly thing (D)
  4 green draconians (D)
  5 stone giants (D)
  2 black draconians (D)
  2 deep elf demonologists (D)
  3 deep elf annihilators (D)
  Nessos (D)
  9 vampire knights (D)
  3 yellow draconians (D)
  4 purple draconians (D)
  2 white draconians (D)
  A red draconian (D)
  4 ettins (D)
  2 merfolk impalers (D)
  6 death oozes (D)
  3 fire dragons (D)
  A deep elf high priest (D)
  6 merfolk javelineers (D)
  2 deep elf death magi (D)
  3 great orbs of eyes (D)
  3 yaktaur captains (D)
  25 vault guards (D)
  Erolcha (D)
  4 naga warriors (D)
  6 ice dragons (D)
  8 hydras (D)
  A merfolk avatar (D)
  A catoblepas (D)
  An anaconda (D)
  A centaur warrior (D)
  An alligator (D)
  5 merfolk aquamancers (D)
  An alligator snapping turtle (D)
  A death knight (D)
  A two-headed ogre (D)
  5 ogre magi (D)
  3 deep troll shamans (D)
  5 death yaks (D)
  A naga sharpshooter (D)
  A vampire mage (D)
  An orc high priest (D)
  A deep troll earth mage (D)
  Urug (D)
  A small abomination (D)
  3 hell knights (D)
  A large abomination (D)
  Nergalle (D)
  An iron troll (D)
  5 deep trolls (D)
  A wizard (D)
  An unseen horror (D)
  4 swamp dragons (D)
  2 spriggan druids (D)
  A deep elf archer (D)
  2 necromancers (D)
  An orc sorcerer (D)
  4 orc knights (D)
  A harpy (D)
  An orb spider (shapeshifter) (D)
  An ironbrand convoker (D)
  An oklob plant (D)
  8 wolf spiders (D)
  A salamander (D)
  An ugly thing (D)
  11 moths of wrath (D)
  A guardian serpent (D)
  Maurice (D)
  A naga mage (D)
  A guardian serpent (shapeshifter) (D)
  5 black mambas (D)
  Psyche (D)
  A torpor snail (D)
  2 spiny frogs (D)
  2 vault sentinels (D)
  A freezing wraith (D)
  3 yaktaurs (D)
  A rime drake (shapeshifter) (D)
  5 merfolk (D)
  2 jumping spiders (D)
  6 trolls (D)
  A hornet (shapeshifter) (D)
  A wind drake (shapeshifter) (D)
  4 hornets (D)
  A raiju (shapeshifter) (D)
  2 hippogriffs (D)
  A slime creature (D)
  2 tyrant leeches (D)
  A dream sheep (D)
  2 redbacks (D)
  11 spriggans (D)
  A tarantella (D)
  A basilisk (D)
  2 hogs (D)
  2 wyverns (D)
  A golden eye (D)
  4 yaks (D)
  Grum (D)
  An insubstantial wisp (D)
  3 acid dragons (D)
  2 nagas (D)
  3 water moccasins (D)
  2 swamp drakes (D)
  4 porcupines (D)
  9 orc warriors (D)
  A boggart (D)
  3 wolves (D)
  A crocodile (D)
  A big kobold (D)
  3 bullfrogs (D)
  2 scorpions (D)
  A howler monkey (D)
  2 crimson imps (D)
  2 hounds (D)
  2 orc priests (D)
  3 orc wizards (D)
  2 worker ants (D)
  An adder (D)
  A leopard gecko (D)
  10 orcs (D)
  2 bat zombies (D)
  A bat (D)
  A kobold (D)
  A leopard gecko skeleton (D)
  2 rats (D)
463 creatures vanquished.

Vanquished Creatures (others)
  4 humans (D)
  A briar patch (D)
5 creatures vanquished.

Grand Total: 468 creatures vanquished

Notes
Turn   | Place    | Note
-------+----------+-------------------------------------------
     0 | D        | diana the Gargoyle Fighter began the quest for the Orb.
     0 | D        | Reached XP level 1. HP: 14/14 MP: 1/1
    43 | D        | Noticed a worker ant
    43 | D        | Noticed a crimson imp
    43 | D        | Noticed a worker ant
    43 | D        | Noticed a scorpion
    52 | D        | Killed a worker ant
    52 | D        | Reached skill level 1 in Dodging
    52 | D        | Reached XP level 2. HP: 12/20 MP: 2/2
    52 | D        | Reached XP level 3. HP: 15/24 MP: 3/3
    63 | D        | Reached skill level 5 in Maces & Flails
    63 | D        | Reached XP level 4. HP: 20/30 MP: 4/4
    66 | D        | Reached skill level 5 in Fighting
    66 | D        | Reached skill level 5 in Armour
    82 | D        | Reached XP level 5. HP: 11/36 MP: 5/5
   289 | D        | Found a roughly hewn altar of Beogh.
   289 | D        | Found a snail-covered altar of Cheibriados.
   289 | D        | Found a shadowy altar of Dithmenos.
   289 | D        | Found a white marble altar of Elyvilon.
   289 | D        | Found a blossoming altar of Fedhas.
   289 | D        | Found an opulent altar of Gozag.
   290 | D        | Found a hazy altar of Hepliaklqana.
   291 | D        | Found a viscous altar of Jiyva.
   292 | D        | Found an ancient bone altar of Kikubaaqudgha.
   293 | D        | Became a worshipper of Cheibriados the Contemplative
   294 | D        | Found a corrupted altar of Lugonu.
   295 | D        | Found a burning altar of Makhleb.
   296 | D        | Found a sparkling altar of Nemelex Xobeh.
   297 | D        | Found an iron altar of Okawaru.
   298 | D        | Found a stormy altar of Qazlal.
   299 | D        | Found a sacrificial altar of Ru.
   300 | D        | Found a deep blue altar of Sif Muna.
   301 | D        | Found a bloodstained altar of Trog.
   302 | D        | Found a hide-covered altar of Uskayaw.
   303 | D        | Found a radiant altar of Vehumet.
   304 | D        | Found an ornate altar of the Wu Jian Council.
   305 | D        | Found a shimmering altar of Xom.
   306 | D        | Found a basalt altar of Yredelemnul.
   307 | D        | Found a glowing silver altar of Zin.
   308 | D        | Found a glowing golden altar of the Shining One.
   367 | D        | Noticed a yak
   367 | D        | Noticed a big kobold
   367 | D        | Noticed a two-headed ogre
   372 | D        | Killed a yak
   372 | D        | Reached XP level 6. HP: 42/44 MP: 6/6
   387 | D        | Killed a two-headed ogre
   387 | D        | Reached * piety under Cheibriados
   387 | D        | Reached XP level 7. HP: 46/51 MP: 7/7
   387 | D        | Reached XP level 8. HP: 50/56 MP: 8/8
   391 | D        | Reached ** piety under Cheibriados
   444 | D        | Noticed a troll
   444 | D        | Noticed a troll
   444 | D        | Noticed a wyvern
   449 | D        | Killed a troll
   452 | D        | Reached *** piety under Cheibriados
   454 | D        | Killed a troll
   454 | D        | Reached skill level 10 in Fighting
   454 | D        | Reached skill level 10 in Armour
   467 | D        | Killed a wyvern
   467 | D        | Reached **** piety under Cheibriados
   467 | D        | Reached XP level 9. HP: 56/62 MP: 9/9
   578 | D        | Noticed a spiny frog
   578 | D        | Noticed a black mamba
   583 | D        | Killed a spiny frog
   584 | D        | Reached ***** piety under Cheibriados
   588 | D        | Killed a black mamba
   607 | D        | Reached ****** piety under Cheibriados
   637 | D        | Noticed an oklob plant
   673 | D        | Killed an oklob plant
   673 | D        | Reached XP level 10. HP: 37/71 MP: 10/10
   992 | D        | Noticed a death yak
   992 | D        | Noticed a catoblepas
   992 | D        | Noticed a death yak
   992 | D        | Noticed a death yak
   992 | D        | Noticed a death yak
   995 | D        | Killed a death yak
   995 | D        | Reached skill level 15 in Maces & Flails
   996 | D        | Noticed a death yak
   999 | D        | Killed a catoblepas
  1002 | D        | Killed a death yak
  1008 | D        | Killed a death yak
  1008 | D        | Reached XP level 11. HP: 14/77 MP: 11/14
  1361 | D        | Killed a death yak
  1361 | D        | Reached skill level 10 in Dodging
  1361 | D        | Reached skill level 5 in Invocations
  1366 | D        | Killed a death yak
  1630 | D        | Noticed Erolcha
  1636 | D        | Killed Erolcha
  1696 | D        | Noticed an orc high priest
  1706 | D        | Killed an orc high priest
  1830 | D        | Noticed an orc knight
  1837 | D        | Killed an orc knight
  1839 | D        | Noticed an orc sorcerer
  1852 | D        | Killed an orc sorcerer
  1943 | D        | Found Koplonem's Antique Weapon Emporium.
  1943 | D        | Noticed an iron troll
  1943 | D        | Noticed a deep troll
  1943 | D        | Noticed an ogre mage
  1943 | D        | Noticed a deep troll
  1955 | D        | Killed an iron troll
  1961 | D        | Killed a deep troll
  1966 | D        | Killed an ogre mage
  1966 | D        | Reached XP level 12. HP: 43/85 MP: 13/18
  1967 | D        | Found Xigezov's Weapon Shoppe.
  1978 | D        | Found Tuyl Lachu's Jewellery Emporium.
  1982 | D        | Found Jeumaett's Assorted Antiques.
  2176 | D        | Noticed an ogre mage
  2178 | D        | Noticed an ogre mage
  2181 | D        | Killed an ogre mage
  2196 | D        | Killed an ogre mage
  2253 | D        | Noticed Psyche
  2258 | D        | Killed Psyche
  2330 | D        | Noticed Urug
  2337 | D        | Killed Urug
  2620 | D        | Noticed a death knight
  2632 | D        | Killed a death knight
  2632 | D        | Reached skill level 5 in Shields
  2639 | D        | Noticed a stone giant
  2644 | D        | Noticed an ettin
  2660 | D        | Killed an ettin
  2667 | D        | Killed a stone giant
  2667 | D        | Reached skill level 10 in Shields
  2679 | D        | Noticed a cyan very ugly thing
  2693 | D        | Noticed a deep troll shaman
  2694 | D        | Killed a cyan very ugly thing
  2694 | D        | Reached XP level 13. HP: 31/91 MP: 20/20
  2973 | D        | Noticed Frances
  2988 | D        | Killed Frances
  2995 | D        | Noticed Grum
  2999 | D        | Killed Grum
  3075 | D        | Noticed a nagaraja
  3089 | D        | Killed a nagaraja
  3089 | D        | Reached skill level 15 in Shields
  3656 | D        | Gained mutation: Your large and strong wings let you fly
                  | indefinitely. [Gargoyle growth]
  3656 | D        | Reached XP level 14. HP: 86/96 MP: 21/21
  3685 | D        | Noticed Maurice
  3696 | D        | Killed Maurice
  3815 | D        | Noticed a frost giant
  3820 | D        | Noticed a stone giant
  3853 | D        | Killed a frost giant
  3877 | D        | Killed a stone giant
  3890 | D        | Noticed a fire giant
  3890 | D        | HP: 4/96 [ice dragon (4)]
  3914 | D        | HP: 4/96 [fire giant/bolt of fire (16)]
  3922 | D        | Killed a fire giant
  4303 | D        | Noticed a stone giant
  4316 | D        | Killed a stone giant
  4361 | D        | Noticed a vault warden
  4391 | D        | Noticed a frost giant
  4394 | D        | Killed a vault warden
  4394 | D        | Reached skill level 15 in Fighting
  4394 | D        | Reached skill level 15 in Armour
  4409 | D        | Noticed a vault warden
  4438 | D        | Noticed a vault warden
  4446 | D        | Killed a frost giant
  4466 | D        | Killed a vault warden
  4476 | D        | Killed a vault warden
  4482 | D        | Noticed a tengu reaver
  4516 | D        | Killed a tengu reaver
  4516 | D        | Reached XP level 15. HP: 107/107 MP: 10/22
  4595 | D        | Noticed Rupert
  4603 | D        | Paralysed by Rupert for 5 turns
  4616 | D        | Killed Rupert
  4767 | D        | Got the +3 plate armour "Siyrrosu" {rF+ Str+6}
  4779 | D        | Got the +0 large shield of Trog's Benevolence {rPois rN+
                  | rCorr Dex-2 Stlth+}
  4781 | D        | Got the +3 plate armour of the Blind Marksman {Dex+4}
  4923 | D        | Noticed Nessos
  4923 | D        | Noticed a tengu reaver
  4925 | D        | Noticed Sojobo
  4926 | D        | Noticed a tengu reaver
  4929 | D        | Killed Nessos
  4933 | D        | Killed a tengu reaver
  4944 | D        | Killed Sojobo
  5107 | D        | Killed a tengu reaver
  5272 | D        | Noticed a thorn hunter
  5295 | D        | Killed a thorn hunter
  5346 | D        | Got a decaying rune of Zot
  5353 | D        | Noticed Ilsuiw
  5430 | D        | Killed Ilsuiw
  5473 | D        | Reached XP level 16. HP: 91/123 MP: 23/23
  5584 | D        | Got a barnacled rune of Zot
  5687 | D        | Got a gossamer rune of Zot
  5848 | D        | Noticed a nagaraja
  5848 | D        | Noticed a nagaraja
  5849 | D        | Noticed a nagaraja
  5853 | D        | Noticed a nagaraja
  5858 | D        | Killed a nagaraja
  5864 | D        | Killed a nagaraja
  5869 | D        | Noticed a nagaraja
  5873 | D        | Killed a nagaraja
  5874 | D        | Noticed a nagaraja
  5879 | D        | Killed a nagaraja
  5888 | D        | Killed a nagaraja
  5893 | D        | Killed a nagaraja
  5986 | D        | Got a serpentine rune of Zot
  6024 | D        | Noticed Frederick
  6033 | D        | Killed Frederick
  6041 | D        | Noticed Kirke
  6071 | D        | Killed Kirke
  6205 | D        | Noticed Nergalle
  6207 | D        | Noticed Xtahua
  6212 | D        | Killed Nergalle
  6223 | D        | Paralysed by Xtahua for 6 turns
  6230 | D        | Killed Xtahua
  6336 | D        | Reached XP level 17. HP: 138/138 MP: 24/24
  6371 | D        | Reached skill level 27 in Fighting
  6371 | D        | Reached skill level 27 in Armour
  6486 | D        | Found the +8 orange crystal plate armour {Archmagi, Int+3
                  | Clar}
  6491 | D        | Reached skill level 15 in Dodging
  6797 | D        | Noticed a golden dragon
  6802 | D        | Noticed an ancient lich
  6824 | D        | Killed a golden dragon
  6833 | D        | Killed an ancient lich
  6835 | D        | Found the +12 glaive of Prune {chop}
  6898 | D        | Got a silver rune of Zot
  6912 | D        | Got a pair of transparent gloves
  6925 | D        | Identified the -3 pair of gloves of Satisfaction {Str+4
                  | Int+4} (You found it in the Dungeon)
  6971 | D        | Noticed Margery
  6990 | D        | Killed Margery
  7229 | D        | Noticed Jory
  7250 | D        | Killed Jory
  7282 | D        | Got the amulet "Ameshrimo" {+Fly rF+ rC- Regen+ Stlth+}
  7284 | D        | Got the ring of Tigrash {Fire rElec MR+}
  7286 | D        | Got the amulet of Peijoora {+Rage Dex+3}
  7288 | D        | Got the ring of the Seven Wars {MR+ EV+3 Int+7 Dex-2}
  7290 | D        | Got the amulet "Jesoseff" {+Rage +Fly rElec Dex+4}
  7432 | D        | Noticed Mara
  7438 | D        | Noticed diana's illusion
  7582 | D        | Noticed diana's illusion
  7711 | D        | Noticed diana's illusion
  7732 | D        | Killed Mara
  7732 | D        | Reached XP level 18. HP: 82/145 MP: 25/25
  8222 | D        | Noticed a tentacled monstrosity
  8246 | D        | Killed a tentacled monstrosity
  8276 | D        | Learned a level 3 spell: Mephitic Cloud
  8298 | D        | Noticed a golden dragon
  8298 | D        | Noticed a tentacled monstrosity
  8298 | D        | Noticed a tentacled monstrosity
  8318 | D        | Killed a tentacled monstrosity
  8333 | D        | Killed a tentacled monstrosity
  8333 | D        | Reached skill level 5 in Spellcasting
  8338 | D        | Killed a golden dragon
  8454 | D        | Noticed a tentacled monstrosity
  8455 | D        | Noticed a quicksilver dragon
  8462 | D        | Killed a tentacled monstrosity
  8462 | D        | Reached skill level 10 in Spellcasting
  8485 | D        | Killed a quicksilver dragon
  8485 | D        | Reached skill level 27 in Dodging
  8740 | D        | Noticed an electric golem
  8757 | D        | Reached XP level 19. HP: 151/151 MP: 22/37
  8757 | D        | Killed an electric golem
  8757 | D        | Reached skill level 15 in Spellcasting
  9080 | D        | Noticed a golden dragon
  9127 | D        | Killed a golden dragon
  9163 | D        | Noticed an ancient lich
  9169 | D        | Killed an ancient lich
  9172 | D        | Noticed an orb of fire
  9201 | D        | Killed an orb of fire
  9413 | D        | Noticed an electric golem
  9436 | D        | Killed an electric golem
  9459 | D        | Noticed an electric golem
  9459 | D        | Noticed an ancient lich
  9464 | D        | Noticed an orb of fire
  9466 | D        | Killed an electric golem
  9467 | D        | Killed an ancient lich
  9467 | D        | Reached skill level 27 in Spellcasting
  9467 | D        | Reached skill level 5 in Evocations
  9467 | D        | Reached XP level 20. HP: 157/157 MP: 35/51
  9468 | D        | Noticed an electric golem
  9469 | D        | Gained mutation: Your body sometimes deteriorates upon
                  | taking damage. [an orb of fire]
  9469 | D        | Gained mutation: Your magical capacity is low. (-10% MP)
                  | [an orb of fire]
  9470 | D        | Killed an orb of fire
  9470 | D        | Killed an electric golem
  9470 | D        | Reached skill level 10 in Conjurations
  9592 | D        | Noticed an orb of fire
  9603 | D        | Gained mutation: You are clumsy. (Dex -2) [an orb of fire]
  9605 | D        | Gained mutation: You are very clumsy. (Dex -4) [an orb of
                  | fire]
  9613 | D        | Reached skill level 10 in Evocations
  9613 | D        | Gained mutation: Your body often deteriorates upon taking
                  | damage. [an orb of fire]
  9671 | D        | Killed an orb of fire
  9916 | D        | Reached skill level 15 in Conjurations
 10077 | D        | Reached skill level 15 in Evocations
 10172 | D        | Noticed an ancient lich
 10173 | D        | Paralysed by a vampire knight for 2 turns
 10182 | D        | Killed an ancient lich
 10182 | D        | Reached XP level 21. HP: 144/163 MP: 27/46
 10646 | D        | Reached skill level 5 in Poison Magic
 10677 | D        | Reached skill level 10 in Poison Magic
 10772 | D        | Got an elven rune of Zot
 10806 | D        | Reached skill level 27 in Maces & Flails
 10806 | D        | Reached skill level 15 in Poison Magic
 10808 | D        | Noticed the Royal Jelly
 10828 | D        | Killed the Royal Jelly
 10840 | D        | HP: 7/163 [acid[the Royal Jelly] (14)]
 10842 | D        | Killed from afar by an acid blob

Skill      XL: |  1  2  3  4  5  6  7  8  9 10 11 12 13 14 15 16 17 18 19 20 21 |
---------------+----------------------------------------------------------------+-----
Fighting       | 4 5 7 9 10 11 12 14 17 22 26 27 | 27.0
Maces & Flails | 4 5 6 8 11 12 14 15 17 18 19 24 27 | 27.0
Armour         | 4 5 7 9 10 11 12 14 17 22 26 27 | 27.0
Dodging        | 1 2 3 4 6 7 8 9 11 22 27 | 27.0
Invocations    | 4 8 9 |  9.7
Shields        | 11 20 25 | 25.0
Spellcasting   | 14 27 | 27.0
Conjurations   | 6 19 | 19.5
Evocations     | 5 16 | 16.9
Poison Magic   | 20 | 20.3

Action                   |  1- 3 |  4- 6 |  7- 9 | 10-12 | 13-15 | 16-18 | 19-21 || total
-------------------------+-------+-------+-------+-------+-------+-------+-------++-------
Melee: Flail             |    38 |    27 |       |       |       |       |       ||    65
       Dire flail        |       |    20 |    68 |   215 |       |       |       ||   303
       Demon whip        |       |       |       |    57 |   719 |  1138 |   547 ||  2461
Throw: Throwing net      |       |       |       |       |     5 |       |       ||     5
 Cast: Mephitic Cloud    |       |       |       |       |       |       |     1 ||     1
Invok: Slouch            |       |       |       |     1 |     7 |    15 |    40 ||    63
       Step From Time    |       |       |       |       |     3 |     1 |     1 ||     5
 Abil: Fly               |       |       |       |       |     2 |       |       ||     2
       Stop Flying       |       |       |       |       |     1 |       |       ||     1
  Use: Potion            |       |       |       |     2 |    12 |     1 |    11 ||    26
       Scroll            |       |       |       |       |     8 |     1 |     4 ||    13
 Stab: Confused          |       |       |       |       |     2 |    11 |       ||    13
       Held in net/web   |       |       |       |       |     4 |       |       ||     4
  Eat: Chunk             |       |       |       |     1 |     8 |     6 |     6 ||    21
       Ration            |       |       |       |       |       |     1 |     1 ||     2
Armor: Scale mail        |    17 |    12 |    14 |    53 |       |       |       ||    96
       Fire dragon scale |       |       |       |     6 |    66 |       |       ||    72
       Plate armour      |       |       |       |       |    60 |    71 |       ||   131
       Crystal plate arm |       |       |       |       |       |   112 |    63 ||   175
Dodge: Dodged            |    13 |    19 |    29 |   152 |   200 |   225 |   126 ||   764
Block: Shield            |    19 |    13 |       |    16 |   232 |       |       ||   280
       Large shield      |       |       |       |       |   205 |   792 |   334 ||  1331
